 Dungeon Crawl Stone Soup version 0.31-a0-198-g2ad674f65e (webtiles) character file.

Game seed: 4195388564455275658

3026 qw the Markself (level 9, -9/52 HPs)
             Began as a Deep Elf Hunter on June 25, 2023.
             Was a Follower of Okawaru.
             Killed from afar by a steam dragon (15 damage)
             ... with a ball of steam
             ... on level 8 of the Dungeon.
             The game lasted 00:02:46 (6870 turns).

qw the Markself (Deep Elf Hunter)                   Turns: 6870, Time: 00:02:46

Health: -9/52      AC: 15    Str: 12    XL:     9   Next: 55%
Magic:  9/13       EV: 16    Int: 15    God:    Okawaru [*.....]
Gold:   255        SH:  0    Dex: 18    Spells: 8/8 levels left

rFire   . . .        Y - +3 orcbow (freeze)
rCold   . . .        (shield currently unavailable)
rNeg    . . .        q - +3 ring mail {rPois}
rPois   +            c - +0 helmet
rElec   .            s - +0 cloak
rCorr   +            (no gloves)
SInv    +            (no boots)
Will    .....        e - amulet of the acrobat
Stlth   +++          h - ring of Sovereignty {rCorr SInv}
HPRegen 0.28/turn    k - +4 ring of protection
MPRegen 0.13/turn

%: acrobat
@: heroic
A: no striking features
a: Renounce Religion, Heroism


You were on level 8 of the Dungeon.
You worshipped Okawaru.
Okawaru was aware of your devotion.
You visited 2 branches of the dungeon, and saw 9 of its levels.

You collected 333 gold pieces.
You spent 78 gold pieces at shops.


   Skills:
 - Level 4.1(9.1) Fighting
 + Level 15.2(20.2) Ranged Weapons
 - Level 1.0(6.0) Armour
 - Level 5.1(10.1) Dodging
 - Level 1.2(6.2) Stealth
 + Level 3.8 Invocations


You had 8 spell levels left.
You didn't know any spells.
Your spell library was empty.

Inventory:

Hand Weapons
 Y - a +3 orcbow of freezing (weapon)
Armour
 c - a +0 helmet (worn)
 q - a +3 ring mail of poison resistance (worn)
 s - a +0 cloak (worn)
Jewellery
 b - a ring of poison resistance
 e - an amulet of the acrobat (around neck)
 f - a +6 ring of strength
 h - the ring of Sovereignty (left hand) {rCorr SInv}
   (You found it on level 5 of the Dungeon)

   [ring of see invisible]

   SInv:      It lets you see invisible.
   rCorr:     It protects you from acid and corrosion.
 k - a +4 ring of protection (right hand)
Scrolls
 l - a scroll of identify
Potions
 a - 3 potions of curing
 d - a potion of might {unknown}
 g - 2 potions of cancellation
 i - a potion of enlightenment
 m - a potion of resistance
 n - a potion of mutation {unknown}

Dungeon Overview and Level Annotations

Branches:
Dungeon (8/15)             Temple (1/1) D:6
   Lair: D:8-11

Altars:
Ashenzari
Cheibriados
Dithmenos
Elyvilon
Fedhas
Gozag
Hepliaklqana
Kikubaaqudgha
Makhleb
Nemelex Xobeh
Okawaru
Qazlal
Ru
Sif Muna
Trog
Uskayaw
Vehumet
Wu Jian
Xom
Yredelemnul
Zin
The Shining One

Shops:
D:4 ?:   D:7 *

Annotations:
D:3 2 transporters
D:5 3 runed translucent doors, qw's ghost, novice DEHu
D:6 2 runed translucent doors, qw's ghost, novice DEHu


Message History

You kill the yak!
Okawaru accepts your kill. The yak barely misses you.
Your base Fighting skill increases to level 4!
Your Invocations skill increases to level 3!
You shoot an arrow. The arrow hits the yak.
The arrow freezes the yak.
The yak is heavily wounded.
The wight hits you but does no damage. The yak gores you!
6863 ||| READING scroll of teleportation.
As you read the scroll of teleportation, it crumbles to dust.
You feel strangely unstable. The wight hits you but does no damage.
The yak closely misses you.
You shoot an arrow. The arrow closely misses the yak.
The centaur shouts!
You shoot an arrow. The arrow hits the yak!
The arrow freezes the yak.
You kill the yak!
Okawaru accepts your kill. The wight misses you.
You shoot an arrow. The arrow barely misses the wight.
The wight hits you but does no damage.
You shoot an arrow. The arrow hits the wight!
The wight is almost destroyed.
Your surroundings suddenly seem different.
A steam dragon comes into view.
Found a scale mail.
Enter note:
Enter note: You shoot an arrow.
The arrow hits the steam dragon!
The arrow freezes the steam dragon.
The steam dragon hisses angrily.
The steam dragon is heavily wounded.
You shoot an arrow. The arrow hits the steam dragon!
The arrow freezes the steam dragon.
The steam dragon is almost dead.
You feel like a meek peon again.
6870 ||| INVOKING Heroism.
You gain the combat prowess of a mighty hero.
The steam dragon breathes steam at you. The ball of steam hits you!
You die...

###........##.###(#
#......#)##.# #.#
####.###.##.# #.#
#.# #.##.# #.#
######### #.#
#.##.# #.#
......... ..#
#.##.# #.#
###.....# . #)##.
#.# ........# ..)
#.# #.....@# ... #
##....ยค# # #....D#
#.....# #.....#
........ ..[......
.........


You could see a steam dragon (catching breath).

Vanquished Creatures
  Grinder (D:4)
  4 yaks (D:8)
  2 water moccasins
  A sky beast (D:7)
  3 black bears
  2 centaurs (D:6)
  A phantom (D:4)
  A kobold brigand (D:6)
  A bullfrog (D:7)
  A gnoll sergeant (D:8)
  2 scorpions
  A wight (D:8)
  3 killer bees (D:7)
  3 howler monkeys (D:7)
  2 jellies (D:6)
  5 hounds
  2 orc priests
  2 gnoll boudas
  Ijyb (D:4)
  A sleepcap (D:4)
  Natasha (D:2)
  An iguana (D:7)
  4 orc wizards
  Robin (D:4)
  14 gnolls
  5 adders
  3 white imps
  2 worms (D:3)
  A dart slug (D:3)
  14 orcs
  2 endoplasms (D:3)
  3 giant cockroaches (D:2)
  14 goblins
  11 hobgoblins
  13 kobolds
  4 quokkas
  8 ball pythons
  6 bats
  8 frilled lizards
  5 rats
159 creatures vanquished.

Notes
Turn   | Place    | Note
-------+----------+-------------------------------------------
     0 | D:1      | qw the Deep Elf Hunter began the quest for the Orb.
     0 | D:1      | Reached XP level 1. HP: 12/12 MP: 3/3
     0 | D:1      | 0 ||| qw: Version: 0.3-a-22-g0ed2b0b
     0 | D:1      | 0 ||| qw: Game counter: 5047
     0 | D:1      | 0 ||| qw: Melee chars always use a shield: true
     0 | D:1      | 0 ||| qw: God list: Okawaru
     0 | D:1      | 0 ||| qw: Allow faded altars: false
     0 | D:1      | 0 ||| qw: Do Orc after clearing Dungeon:15 true
     0 | D:1      | 0 ||| qw: Do second Lair branch before Depths: true
     0 | D:1      | 0 ||| qw: Lair rune preference: random
     0 | D:1      | 0 ||| qw: Goals: Normal
     0 | D:1      | 0 ||| PLANNING D:1-11
   142 | D:1      | Reached XP level 2. HP: 16/16 MP: 4/4
   161 | D:1      | Reached skill level 6 in Ranged Weapons
   491 | D:1      | 491 ||| READING scroll labelled NOYTZU SOUG.
   492 | D:1      | 492 ||| READING scroll labelled FUG FI QIQ.
   493 | D:1      | 493 ||| DROPPING scroll of butterflies.
   495 | D:1      | 495 ||| Stepping ~*~*~tactically~*~*~ (water).
   715 | D:1      | Found a faded altar of an unknown god.
   820 | D:1      | 820 ||| UPGRADING to ring of resist corrosion.
   821 | D:1      | 821 ||| READING scroll labelled WOYLIME TUUTUCS.
   822 | D:1      | 822 ||| DRINKING 2 coppery potions.
   992 | D:2      | Reached XP level 3. HP: 20/20 MP: 5/5
  1152 | D:2      | Noticed Natasha
  1158 | D:2      | Killed Natasha
  1159 | D:2      | Reached skill level 7 in Ranged Weapons
  1217 | D:2      | You fall into a shaft and drop 1 floor!
  1225 | D:3      | 1225 ||| DRINKING 2 sapphire potions.
  1269 | D:2      | Identified the +1 robe "Yjytheaf" {+Blink Will+}
  1381 | D:2      | Reached XP level 4. HP: 25/25 MP: 6/6
  1531 | D:2      | 1531 ||| UPGRADING to +1 robe "Yjytheaf" {+Blink Will+}.
  1541 | D:2      | 1541 ||| DROPPING +0 leather armour.
  1542 | D:2      | 1542 ||| UPGRADING to +0 ring mail.
  1552 | D:2      | 1552 ||| DROPPING +1 robe "Yjytheaf" {+Blink Will+}.
  1553 | D:2      | 1553 ||| READING scroll labelled TUVOYNN LARAITZ.
  1554 | D:2      | 1554 ||| DRINKING 2 amethyst potions.
  1555 | D:2      | 1555 ||| DRINKING 2 glowing inky potions.
  1556 | D:2      | 1556 ||| DROPPING potion of magic.
  1614 | D:3      | HP: 5/25 [worm (2)]
  1615 | D:3      | 1615 ||| READING scroll of teleportation.
  1616 | D:3      | 1616 ||| DRINKING potion of heal wounds.
  1696 | D:3      | Found a transporter.
  1888 | D:3      | Found a transporter.
  1894 | D:3      | Reached skill level 8 in Ranged Weapons
  2006 | D:3      | 2006 ||| READING scroll of enchant weapon.
  2006 | D:3      | 2006 ||| ENCHANTING +1 shortbow.
  2202 | D:3      | Reached XP level 5. HP: 22/29 MP: 7/7
  2359 | D:3      | Reached skill level 9 in Ranged Weapons
  2534 | D:3      | 2534 ||| UPGRADING to +4 ring of protection.
  2535 | D:3      | 2535 ||| READING scroll labelled POGUHO CAKLIFO.
  2536 | D:3      | 2536 ||| DRINKING 2 sedimented blue potions.
  2579 | D:3      | 2579 ||| DRINKING 4 metallic grey potions.
  2580 | D:3      | 2580 ||| DROPPING potion of lignification.
  2581 | D:3      | 2581 ||| DROPPING 3 potions of brilliance.
  2633 | D:4      | Found Tasauq's Magic Scroll Shoppe.
  2646 | D:4      | 2646 ||| BUYING 3 scrolls of identify (78 gold).
  2646 | D:4      | Bought 3 scrolls of identify for 78 gold pieces
  2646 | D:4      | 2646 ||| SHOPLISTING scroll of enchant armour (97 gold,
                  | have 25).
  2646 | D:4      | 2646 ||| SHOPLISTING scroll of identify (26 gold, have 25).
  2662 | D:4      | Noticed Robin
  2674 | D:4      | Killed Robin
  2743 | D:4      | Found a radiant altar of Vehumet.
  2745 | D:4      | Found a shadowy altar of Dithmenos.
  2747 | D:4      | Found a blossoming altar of Fedhas.
  2747 | D:4      | Found an opulent altar of Gozag.
  2925 | D:4      | Reached XP level 6. HP: 35/35 MP: 8/8
  2955 | D:4      | Noticed Ijyb
  2957 | D:4      | 2957 ||| FLEEEEING.
  2958 | D:4      | 2958 ||| FLEEEEING.
  2959 | D:4      | 2959 ||| FLEEEEING.
  2962 | D:4      | 2962 ||| FLEEEEING.
  2978 | D:4      | Killed Ijyb
  3101 | D:4      | Found a white marble altar of Elyvilon.
  3114 | D:4      | Reached skill level 10 in Ranged Weapons
  3196 | D:4      | Noticed Grinder
  3199 | D:4      | Paralysed by Grinder for 5 turns
  3209 | D:4      | Paralysed by Grinder for 5 turns
  3216 | D:4      | Killed Grinder
  3217 | D:4      | Reached XP level 7. HP: 17/40 MP: 9/9
  3462 | D:4      | Found Suirphar's Vocational Training.
  3465 | D:4      | 3465 ||| UPGRADING to +0 helmet.
  3474 | D:4      | 3474 ||| UPGRADING to +3 ring mail of poison resistance.
  3484 | D:4      | 3484 ||| DROPPING +0 ring mail.
  3485 | D:4      | 3485 ||| UPGRADING to +0 cloak.
  3512 | D:4      | 3512 ||| UPGRADING to amulet of the acrobat.
  3517 | D:4      | 3517 ||| READING scroll labelled HIZ EZOOWOA.
  3518 | D:4      | 3518 ||| READING scroll labelled UHEOKI VORPH.
  3619 | D:4      | 3619 ||| READING scroll labelled KOAMADD ERCHA.
  3620 | D:4      | 3620 ||| READING scroll labelled GURYSAT LYWNO.
  3692 | D:4      | 3692 ||| READING 6 scrolls of identify.
  3692 | D:4      | 3692 ||| IDENTIFYING fuming orange potion
  3693 | D:4      | 3693 ||| READING 5 scrolls of identify.
  3693 | D:4      | 3693 ||| IDENTIFYING fuming cyan potion
  3694 | D:4      | 3694 ||| READING 4 scrolls of identify.
  3694 | D:4      | 3694 ||| IDENTIFYING ruby potion
  3695 | D:4      | 3695 ||| READING 3 scrolls of identify.
  3695 | D:4      | 3695 ||| IDENTIFYING murky sapphire potion
  3696 | D:4      | 3696 ||| READING 2 scrolls of identify.
  3696 | D:4      | 3696 ||| IDENTIFYING fuming puce potion
  3697 | D:4      | 3697 ||| DROPPING potion of attraction.
  3698 | D:4      | 3698 ||| DROPPING potion of ambrosia.
  3699 | D:4      | 3699 ||| DROPPING potion of invisibility.
  3735 | D:5      | Entered Level 5 of the Dungeon
  3776 | D:5      | Reached skill level 1 in Armour
  3808 | D:5      | Reached skill level 11 in Ranged Weapons
  3850 | D:5      | Identified the ring of Sovereignty {rCorr SInv}
  3953 | D:5      | 3953 ||| FLEEEEING.
  3959 | D:5      | 3959 ||| FLEEEEING.
  3960 | D:5      | 3960 ||| FLEEEEING.
  3961 | D:5      | 3961 ||| FLEEEEING.
  3962 | D:5      | 3962 ||| FLEEEEING.
  3963 | D:5      | 3963 ||| FLEEEEING.
  3964 | D:5      | 3964 ||| FLEEEEING.
  3970 | D:5      | 3970 ||| FLEEEEING.
  3971 | D:5      | 3971 ||| FLEEEEING.
  3972 | D:5      | 3972 ||| FLEEEEING.
  3984 | D:5      | 3984 ||| FLEEEEING.
  3985 | D:5      | 3985 ||| FLEEEEING.
  3987 | D:5      | 3987 ||| FLEEEEING.
  3988 | D:5      | 3988 ||| FLEEEEING.
  3989 | D:5      | 3989 ||| FLEEEEING.
  3990 | D:5      | 3990 ||| FLEEEEING.
  3996 | D:5      | 3996 ||| FLEEEEING.
  3997 | D:5      | 3997 ||| FLEEEEING.
  3998 | D:5      | 3998 ||| FLEEEEING.
  3999 | D:5      | 3999 ||| FLEEEEING.
  4000 | D:5      | 4000 ||| FLEEEEING.
  4001 | D:5      | 4001 ||| FLEEEEING.
  4001 | D:5      | HP: 10/40 [orc priest/divine providence (14)]
  4002 | D:5      | 4002 ||| FLEEEEING.
  4003 | D:5      | 4003 ||| FLEEEEING.
  4008 | D:5      | 4008 ||| FLEEEEING.
  4009 | D:5      | 4009 ||| FLEEEEING.
  4010 | D:5      | 4010 ||| FLEEEEING.
  4011 | D:5      | 4011 ||| FLEEEEING.
  4012 | D:5      | 4012 ||| FLEEEEING.
  4013 | D:5      | 4013 ||| FLEEEEING.
  4014 | D:5      | 4014 ||| FLEEEEING.
  4015 | D:5      | 4015 ||| FLEEEEING.
  4023 | D:5      | 4023 ||| FLEEEEING.
  4024 | D:5      | 4024 ||| FLEEEEING.
  4027 | D:5      | 4027 ||| STAIRDANCE
  4115 | D:4      | 4115 ||| UPGRADING to ring of Sovereignty {rCorr SInv}.
  4117 | D:4      | 4117 ||| DROPPING ring of resist corrosion.
  4175 | D:5      | 4175 ||| DRINKING potion of curing.
  4175 | D:5      | 4175 ||| (to cure confusion)
  4337 | D:5      | Found a runed translucent gate.
  4339 | D:5      | Found a runed translucent gate.
  4340 | D:5      | Found a runed translucent gate.
  4341 | D:5      | Noticed qw's ghost (novice DEHu)
  4341 | D:5      | Noticed qw's ghost (novice DEHu)
  4341 | D:5      | Noticed qw's ghost (novice DEHu)
  4649 | D:5      | 4649 ||| READING 2 scrolls of identify.
  4649 | D:5      | 4649 ||| IDENTIFYING fuming emerald potion
  4650 | D:5      | 4650 ||| DROPPING potion of berserk rage.
  4696 | D:6      | 4696 ||| Stepping ~*~*~tactically~*~*~ (water).
  4749 | D:6      | Reached XP level 8. HP: 44/44 MP: 10/10
  4761 | D:6      | Reached skill level 12 in Ranged Weapons
  4857 | D:6      | 4857 ||| FLEEEEING.
  4858 | D:6      | 4858 ||| FLEEEEING.
  4859 | D:6      | 4859 ||| FLEEEEING.
  4860 | D:6      | 4860 ||| FLEEEEING.
  4861 | D:6      | 4861 ||| FLEEEEING.
  4862 | D:6      | 4862 ||| FLEEEEING.
  4863 | D:6      | 4863 ||| FLEEEEING.
  4864 | D:6      | 4864 ||| FLEEEEING.
  4899 | D:6      | Reached skill level 3 in Fighting
  4907 | D:6      | 4907 ||| SWAPPING to +1 orcbow of freezing.
  4908 | D:6      | 4908 ||| DROPPING +2 shortbow.
  4923 | D:6      | 4923 ||| READING scroll of enchant weapon.
  4923 | D:6      | 4923 ||| ENCHANTING +1 orcbow of freezing.
  4987 | D:6      | Reached skill level 13 in Ranged Weapons
  5161 | D:6      | Found a staircase to the Ecumenical Temple.
  5162 | D:6      | 5162 ||| PLANNING TEMPLE
  5162 | D:6      | 5162 ||| READING scroll labelled XAISHUGUDA.
  5163 | D:6      | 5163 ||| READING scroll labelled JUHI BIAR WYXO.
  5172 | Temple   | Entered the Ecumenical Temple
  5173 | Temple   | 5173 ||| PLANNING OKAWARU WORSHIP
  5179 | Temple   | Became a worshipper of Warmaster Okawaru
  5180 | Temple   | 5180 ||| PLANNING D:1-11
  5251 | D:6      | Found a large runed translucent door.
  5251 | D:6      | Found a large runed translucent door.
  5252 | D:6      | Noticed qw's ghost (novice DEHu)
  5629 | D:6      | 5629 ||| READING scroll labelled NAPAZI MIRU.
  5672 | D:7      | Reached skill level 14 in Ranged Weapons
  5837 | D:7      | Found Asmil's Overcharged Wands.
  5844 | D:7      | 5844 ||| SHOPLISTING wand of digging (11) (693 gold, have
                  | 175).
  5855 | D:7      | 5855 ||| Stepping ~*~*~tactically~*~*~ (outnumbered).
  5857 | D:7      | 5857 ||| Stepping ~*~*~tactically~*~*~ (outnumbered).
  5873 | D:7      | Reached XP level 9. HP: 50/50 MP: 11/11
  6484 | D:7      | Reached * piety under Okawaru
  6485 | D:7      | Reached skill level 15 in Ranged Weapons
  6497 | D:7      | 6497 ||| READING scroll of enchant weapon.
  6497 | D:7      | 6497 ||| ENCHANTING +2 orcbow of freezing.
  6720 | D:8      | 6720 ||| Stepping ~*~*~tactically~*~*~ (outnumbered).
  6722 | D:8      | 6722 ||| Stepping ~*~*~tactically~*~*~ (outnumbered).
  6737 | D:8      | Reached skill level 1 in Invocations
  6854 | D:8      | 6854 ||| INVOKING Heroism.
  6858 | D:8      | 6858 ||| Stepping ~*~*~tactically~*~*~ (outnumbered).
  6862 | D:8      | Reached skill level 3 in Invocations
  6862 | D:8      | HP: 4/52 [yak (13)]
  6863 | D:8      | 6863 ||| READING scroll of teleportation.
  6870 | D:8      | 6870 ||| INVOKING Heroism.
  6870 | D:8      | Killed from afar by a steam dragon

Levels and vault maps discovered:
D:1:      lemuel_arrival_tunnels, layout_loops_ring,
          shapermc_ecumenical_altar_hornbeckon, minmay_liquid_box
D:2:      minmay_evil_eye, layout_loops_ring, uniq_natasha
D:3:      gammafunk_steamed_eel, layout_loops_corners, grunt_ministairs_12,
          corexii_leaking_fountain, serial_bayou_lagoon_b
D:4:      layout_rooms, elyvilon_altar_3, grunt_temple_overflow_open,
          serial_shops, shop, corexii_checkpoint_b, nicolae_shop_vocational,
          uniq_robin, uniq_grinder, uniq_ijyb
D:5:      layout_loops_ring, gammafunk_ghost_cemetery
D:6:      layout_basic, minmay_temple_entry_statues_pillars,
          ebering_ghost_disaster_area, st_stairs_11, serial_bayou_pond_e,
          minmay_crossroads
D:7:      layout_basic, serial_curves, eino_curves_02, eino_curves_04,
          minmay_misc_feat_room, nicolae_shop_overcharged_wands
D:8:      layout_basic
Temple:   sentei_temple_godly_chess

Skill      XL: |  1  2  3  4  5  6  7  8  9 |
---------------+----------------------------+-----
Ranged Weapons | 6 7 8 9 10 11 14 15 | 15.2
Fighting       | 2 3 4 |  4.1
Dodging        | 4 5 |  5.1
Armour         | 1 |  1.0
Invocations    | 3 |  3.8
Stealth        | |  1.2

Action                     |  1- 3 |  4- 6 |  7- 9 || total
---------------------------+-------+-------+-------++-------
  Melee: Unarmed           |       |    12 |       ||    12
   Fire: Shortbow          |    82 |   178 |   115 ||   375
         Orcbow            |       |       |   178 ||   178
 Invoke: Heroism           |       |       |     2 ||     2
    Use: Scroll            |     3 |     4 |    16 ||    23
         Potion            |     2 |     5 |     1 ||     8
   Stab: Confused          |       |     1 |       ||     1
 Armour: Leather armour    |     5 |       |       ||     5
         Ring mail         |       |    44 |    62 ||   106
         Skin              |       |     4 |       ||     4
  Dodge: Dodged            |    15 |    59 |   106 ||   180

Table legend:
 A = Non-vault XP
 B = Vault XP
 C = Vault XP percentage of total XP
 D = Non-vault monster count
 E = Vault monster count
 F = Vault count percentage of total count
                 A         B        C        D         E       F
            +---------+---------+-------+---------+---------+-------
      Total |    3549 |     775 |  17.9 |     128 |      31 |  19.5
            +---------+---------+-------+---------+---------+-------
        D:1 |      32 |       0 |   0.0 |      22 |       0 |   0.0
        D:2 |      32 |      40 |  55.6 |      13 |       4 |  23.5
        D:3 |     129 |      55 |  29.9 |      21 |       5 |  19.2
        D:4 |     334 |     335 |  50.1 |      16 |      16 |  50.0
        D:5 |     309 |       0 |   0.0 |      12 |       0 |   0.0
        D:6 |     732 |     345 |  32.0 |      14 |       6 |  30.0
        D:7 |     945 |       0 |   0.0 |      20 |       0 |   0.0
        D:8 |    1036 |       0 |   0.0 |      10 |       0 |   0.0
            +---------+---------+-------+---------+---------+-------
